 Dungeon Crawl Stone Soup version 0.16.2-12-gd0ad4c3 (webtiles) character file.

88 faibistes the Magician (level 4, -3/24 HPs)
             Began as a Deep Elf Wizard on Dec 28, 2018.
             Killed from afar by faibistes' ghost (8 damage)
             ... with a magic dart
             ... on level 3 of the Dungeon.
             The game lasted 00:07:19 (3559 turns).

faibistes the Magician (Deep Elf Wizard)            Turns: 3559, Time: 00:07:19

Health: -3/24      AC:  2    Str:  4    XL:     4   Next: 30%
Magic:  9/17       EV: 13    Int: 24    God:
Gold:   88         SH:  0    Dex: 13    Spells: 6 memorised, 0 levels left

rFire  . . .     SeeInvis .     l - +0 dagger
rCold  . . .     Clarity  .     a - +0 robe
rNeg   . . .     SustAb   .     (no shield)
rPois  .         Gourm    .     b - +0 hat
rElec  .         Spirit   .     (no cloak)
rCorr  .         Warding  .     (no gloves)
rMut   .         Stasis   .     (no boots)
MR     +....                    v - amulet of inaccuracy (curse)
Stlth  ++........               (no ring)
                                q - ring of protection from magic

@: very slightly contaminated, repel missiles, somewhat resistant to hostile
enchantments, unstealthy
A: no striking features
a: no special abilities


You were on level 3 of the Dungeon.
You were very hungry.

You visited 1 branch of the dungeon, and saw 3 of its levels.

You collected 88 gold pieces.

Inventory:

Hand weapons
 l - a +0 dagger (weapon)
Armour
 a - a +0 robe (worn)
 b - a +0 hat (worn)
Jewellery
 q - a ring of protection from magic (left hand)
 v - a cursed amulet of inaccuracy (around neck)
Scrolls
 f - a scroll of magic mapping {unknown}
 i - 4 scrolls of identify {unknown}
 m - a scroll of remove curse {unknown}
 n - a scroll of fog {unknown}
 o - a scroll of amnesia {unknown}
 s - a scroll of recharging {unknown}
 t - a scroll of blinking {unknown}
 u - a scroll of enchant armour {unknown}
 w - a scroll of teleportation {unknown}
Potions
 e - 2 potions of curing {unknown}
 j - a potion of flight {unknown}
 k - 2 potions of haste {unknown}
 p - a potion of brilliance {unknown}
 r - 2 potions of cancellation {unknown}
Books
 c - a book of Minor Magic

   Spells                             Type                      Level
   a - Magic Dart                     Conjuration                  1
   b - Blink                          Translocation                2
   c - Call Imp                       Summoning                    2
   d - Repel Missiles                 Charms/Air                   2
   e - Slow                           Hexes                        2
   f - Conjure Flame                  Conjuration/Fire             3
   g - Mephitic Cloud                 Conjuration/Poison/Air       3
Comestibles
 d - 2 bread rations
 g - a beef jerky
 h - a meat ration


   Skills:
 + Level 3.8 Dodging
 - Level 2.4 Stealth
 * Level 5.2 Spellcasting
 * Level 2.9 Conjurations
 - Level 1.1 Summonings
 - Level 1.1 Translocations


You couldn't memorise any spells.
You knew the following spells:

 Your Spells              Type           Power        Failure   Level  Hunger
a - Magic Dart            Conj           ###.         2%          1    None
b - Conjure Flame         Conj/Fire      ##......     17%         3    ##.....
c - Call Imp              Summ           ##......     12%         2    None
d - Blink                 Tloc           N/A          12%         2    None
e - Mephitic Cloud        Conj/Pois/Air  ##......     21%         3    ##.....
f - Repel Missiles        Chrm/Air       #.....       14%         2    None


Dungeon Overview and Level Annotations

Branches:
Dungeon (3/15)

Altars:

Annotations:
D:3 faibistes' ghost, weakling DEWz


Message History

Faibistes' ghost gestures at you while chanting.
The magic dart hits you!
Casting: Magic Dart
Confirm with . or Enter, or press ? or * to list all spells.
Aiming: Conjure Flame
Press: ? - help, Dir - move target cursor The fire roars!
Faibistes' ghost casts a spell at you. The magic dart hits you!
Casting: Conjure Flame
Confirm with . or Enter, or press ? or * to list all spells.
Aiming: Conjure Flame
Press: ? - help, Dir - move target cursor The fire roars!
Faibistes' ghost points at you and mumbles some strange words.
The magic dart hits you!
* * * LOW HITPOINT WARNING * * *
Faibistes' ghost points at you and mumbles some strange words.
The magic dart hits you!
You die...

......#####.(.....
.....)#..........#
.................#
.......#÷........#
.....#.#.##.......
.............###W#
.....#.#.##### #§#
.....#....######§#
................@#
.....#.##........#
.................#
####.####....#####
#.#.........
#.#.##....## #.#
#..... ...
.....#.# ...
.....#.#


You could see faibistes' ghost.

Vanquished Creatures
  2 adders
  3 oozes
  A ball python (D:2)
  5 giant cockroaches
  3 goblins
  10 hobgoblins
  4 bats
  4 giant geckos
  5 giant newts
  3 jackals
  6 kobolds
  13 rats
  A bush (D:2)
60 creatures vanquished.

Vanquished Creatures (collateral kills)
  A quokka (D:2)
  6 jackals
7 creatures vanquished.

Grand Total: 67 creatures vanquished

Notes
Turn   | Place    | Note
--------------------------------------------------------------
     0 | D:1      | faibistes, the Deep Elf Wizard, began the quest for the Orb.
     0 | D:1      | Reached XP level 1. HP: 10/10 MP: 6/6
   501 | D:2      | Reached XP level 2. HP: 15/15 MP: 6/9
   513 | D:2      | Learned a level 2 spell: Blink
   516 | D:2      | Learned a level 2 spell: Call Imp
  1058 | D:1      | Reached XP level 3. HP: 19/19 MP: 7/13
  1063 | D:1      | Learned a level 3 spell: Conjure Flame
  1067 | D:1      | Learned a level 3 spell: Mephitic Cloud
  2169 | D:2      | Reached skill level 5 in Spellcasting
  2430 | D:3      | Reached XP level 4. HP: 20/24 MP: 4/17
  2437 | D:3      | Learned a level 2 spell: Repel Missiles
  3555 | D:3      | Noticed faibistes' ghost (weakling DEWz)
  3559 | D:3      | Killed from afar by faibistes' ghost

Action                   |  1- 3 |  4- 6 || total
-------------------------+-------+-------++-------
Melee: Unarmed           |     3 |       ||     3
       Dagger            |       |   429 ||   429
 Cast: Magic Dart        |   113 |    39 ||   152
       Call Imp          |     5 |       ||     5
       Mephitic Cloud    |     1 |       ||     1
       Conjure Flame     |       |     2 ||     2
       Repel Missiles    |       |     1 ||     1
  Eat: Chunk             |     4 |     4 ||     8
